 Dungeon Crawl Stone Soup version 0.25-a0-492-g44cc58d149 (webtiles) character file.

Game seed: 16395628004254129397, levelgen mode: deterministic

118 mopl the Slasher (level 5, -12/32 HPs)
             Began as a Tengu Warper on Feb 11, 2020.
             Mangled by an ogre
             ... wielding a +0 giant club
              (20 damage)
             ... on level 4 of the Dungeon.
             The game lasted 00:02:49 (2211 turns).

mopl the Slasher (Tengu Warper)                     Turns: 2211, Time: 00:02:50

Health: -12/32     AC:  5    Str: 13    XL:     5   Next: 2%
Magic:  9/9        EV: 11    Int: 13    God:
Gold:   85         SH:  0    Dex: 13    Spells: 6/8 levels left

rFire    . . .     SeeInvis .   a - +0 falchion
rCold    . . .     Gourm    .   (no shield)
rNeg     . . .     Faith    .   m - +0 ring mail
rPois    .         Spirit   .   (helmet restricted)
rElec    .         Reflect  .   (no cloak)
rCorr    .         Harm     .   (no gloves)
MR       .....                  (boots unavailable)
Stlth    ++........             (no amulet)
HPRegen  0.10/turn              k - ring of stealth
MPRegen  0.11/turn              (no ring)

@: no status effects
A: beak, talons 3, able to fly
a: Fly


You were on level 4 of the Dungeon.
You were very hungry.

You visited 1 branch of the dungeon, and saw 4 of its levels.

You collected 85 gold pieces.

Inventory:

Hand Weapons
 a - a +0 falchion (weapon)
Missiles
 e - 5 boomerangs of dispersal (quivered)
 j - 55 bolts
 p - a throwing net
Armour
 g - a +0 chain mail
 m - a +0 ring mail (worn)
Jewellery
 k - a ring of stealth (left hand)
Scrolls
 d - 2 scrolls of blinking
 f - a scroll of teleportation {unknown}
 i - a scroll of random uselessness {unknown}
 n - 2 scrolls of fear {unknown}
 q - a scroll of remove curse {unknown}
 r - 2 scrolls of fog {unknown}
 u - a scroll of enchant armour {unknown}
Potions
 b - a potion of curing
 h - a potion of brilliance
 l - a potion of magic
 o - a potion of haste
 s - a potion of might
 t - a potion of agility {unknown}
 v - a potion of heal wounds {unknown}
Comestibles
 c - 6 rations


   Skills:
 + Level 3.1 Fighting
 * Level 4.5 Long Blades
 - Level 1.0 Throwing
 + Level 1.6 Armour
 - Level 2.1 Dodging
 - Level 2.0 Spellcasting
 - Level 2.4 Translocations


You had 6 spell levels left.
You knew the following spells:

 Your Spells              Type           Power        Failure   Level  Hunger
e - Blink                 Tloc           N/A          30%         2    ###....

Your spell library contained the following spells:

 Spells                   Type           Power        Failure   Level  Hunger
 Shroud of Golubria       Chrm/Tloc      #.....       45%         2    ###....
 Gell's Gravitas          Tloc           #.........   52%         3    ####...
 Lesser Beckoning         Tloc           #.........   52%         3    ####...
 Teleport Other           Tloc           #.......     52%         3    ####...
 Passage of Golubria      Tloc           N/A          90%         4    #####..


Dungeon Overview and Level Annotations

Branches:
Dungeon (4/15)
 Temple: D:4-7

Altars:


Innate Abilities, Weirdness & Mutations

You have a beak for a mouth.
You have claws for feet.
You can fly continuously.


Message History

The adder is heavily wounded.
The adder bites you but does no damage.
You hit the adder.
The adder is heavily wounded.
The adder bites you but does no damage. The adder misses you.
You riposte.
You closely miss the adder. You claw the adder. Your peck misses the adder.
The adder is severely wounded.
You miss the adder. Your peck misses the adder.
The adder is severely wounded.
The adder barely misses you.
You hit the adder.
The adder is almost dead.
The adder bites you but does no damage.
You miss the adder. You claw the adder.
You kill the adder!
You have reached level 5!
You have gained the ability to fly.
The ogre hits you with a +0 giant club!!
Ouch! That really hurt!
You die...

#.!# ##.## #..#
##.## ### #..#
##.## ##.##
##...### ##.#
##......## #O##
##........## ##@#
#..........# #.##
##...........
##.###.......<...#
#.##...........##
##.#..........##
#...........##
##........###
##########


You could see an ogre.

Vanquished Creatures
  A gnoll (D:1)
  5 adders
  An ooze (D:3)
  2 worms (D:2)
  2 dart slugs (D:1)
  A leopard gecko (D:3)
  An orc (D:3)
  A ball python (D:3)
  3 bats
  2 giant cockroaches
  2 goblins
  3 hobgoblins
  8 jackals
  4 frilled lizards
  6 kobolds
  5 rats
47 creatures vanquished.

Notes
Turn   | Place    | Note
-------+----------+-------------------------------------------
     0 | D:1      | mopl the Tengu Warper began the quest for the Orb.
     0 | D:1      | Reached XP level 1. HP: 12/12 MP: 4/4
    28 | D:1      | Reached XP level 2. HP: 17/17 MP: 6/6
    35 | D:1      | Learned a level 2 spell: Blink
    75 | D:1      | Reached skill level 3 in Long Blades
   366 | D:1      | Reached XP level 3. HP: 22/22 MP: 7/7
  1103 | D:2      | Reached skill level 4 in Long Blades
  1103 | D:2      | Reached XP level 4. HP: 27/27 MP: 8/8
  1405 | D:2      | Reached skill level 3 in Fighting
  2195 | D:4      | Noticed an ogre
  2211 | D:4      | Gained mutation: You can fly continuously. [Tengu growth]
  2211 | D:4      | Reached XP level 5. HP: 7/32 MP: 9/9
  2211 | D:4      | Mangled by an ogre

Levels and vault maps discovered:
D:1:      lightli_arrival_isolated_outpost, layout_basic
D:2:      layout_loops_ring, serial_glass, glass_columns_a, glass_columns_b,
          glass_columns_b, glass_columns_b, glass_columns_b
D:3:      layout_loops_cross, serial_bayou, serial_bayou_lake_a,
          serial_bayou_shore_b, serial_bayou_shore_a, serial_bayou_lagoon_b
D:4:      layout_cave_pods, first_ration, minmay_vboxes, uniq_natasha,
          uniq_sigmund

Skill      XL: |  1  2  3  4 |
---------------+-------------+-----
Long Blades    | 3 4 |  4.5
Fighting       | 3 |  3.1
Throwing       | |  1.0
Armour         | |  1.6
Dodging        | |  2.1
Spellcasting   | |  2.0
Translocations | |  2.4

Action                   |  1- 3 |  4- 6 || total
-------------------------+-------+-------++-------
Melee: Falchion          |    48 |    58 ||   106
       Kick              |    14 |    15 ||    29
       Peck              |     8 |    14 ||    22
  Use: Scroll            |       |     5 ||     5
 Stab: Sleeping          |     3 |     1 ||     4
       Distracted        |     1 |       ||     1
  Eat: Chunk             |     1 |     2 ||     3
Armor: Ring mail         |    11 |    22 ||    33
Dodge: Dodged            |    29 |    32 ||    61
       Rpst.: Falchion   |    14 |    12 ||    26

Table legend:
 A = Non-vault XP
 B = Vault XP
 C = Vault XP percentage of total XP
 D = Non-vault monster count
 E = Vault monster count
 F = Vault count percentage of total count
                 A         B        C        D         E       F
            +---------+---------+-------+---------+---------+-------
      Total |     169 |       0 |   0.0 |      47 |       0 |   0.0
            +---------+---------+-------+---------+---------+-------
        D:1 |      38 |       0 |   0.0 |      14 |       0 |   0.0
        D:2 |      76 |       0 |   0.0 |      20 |       0 |   0.0
        D:3 |      41 |       0 |   0.0 |      12 |       0 |   0.0
        D:4 |      14 |       0 |   0.0 |       1 |       0 |   0.0
            +---------+---------+-------+---------+---------+-------
